[ AOE2 MATCH · #477228945 ]
1v1 RMTurks vs Magyars
Player's team · LOSS
Rival team · WIN
[ REPLAY ANALYSIS · EXTRACTED FROM THE RECORDED GAME ]
Feudal
14:09
Castle
—
Imperial
—
| APM avg | 14.5 |
| APM peak | 37 |
| eAPM avg | 8.2 |
| Villagers / military | 53 / 0 |
Focus
⚔️ 11.0% · 🌾 89.0%
Feudal
9:47
Castle
20:33
Imperial
—
| APM avg | 39.0 |
| APM peak | 87 |
| eAPM avg | 17.4 |
| Villagers / military | 53 / 18 |
Focus
⚔️ 19.6% · 🌾 80.4%
Archer ×12 · Knight ×2 · Battering Ram ×2 · Spearman ×1 · Mangonel ×1
Match map
Initial resources + every placement click. Lines = walls · curves = elevation contours. ◆ gold · ⬟ stone · ● berries · ✦ relic · ◌ wall gap
Your base· ✓ Closed at 24:53 · 104t walls · no gate
Juancho Talarga's base· Open — opponent sealed themselves in
Smoothed initial terrain · ◌ = detected wall gap · hover for details
Inputs per minute
— FOXY_KING49 - - Juancho Talarga
Build order — FOXY_KING49
108 actions detected in the replay
| 0:31 | Build | House |
| 0:32 | Build | House |
| 0:40 | Create | Villager (Male) |
| 0:40 | Research | Loom |
| 0:41 | Create | Villager (Male) |
| 0:41 | Create | Villager (Male) |
| 0:42 | Create | Villager (Male) |
| 0:42 | Create | Villager (Male) |
| 1:12 | Build | Mill |
| 1:29 | Build | House |
| 2:24 | Create | Villager (Male) |
| 2:55 | Create | Villager (Male) |
| 3:39 | Create | Villager (Male) |
| 3:57 | Create | Villager (Male) |
| 4:09 | Create | Villager (Male) |
| 4:35 | Create | Villager (Male) |
| 4:55 | Create | Villager (Male) |
| 5:33 | Create | Villager (Male) |
| 5:34 | Create | Villager (Male) |
| 5:34 | Create | Villager (Male) |
| 5:56 | Build | Lumber Camp |
| 6:01 | Create | Villager (Male) |
| 6:01 | Create | Villager (Male) |
| 6:22 | Create | Villager (Male) |
| 6:42 | Build | House |
| 6:45 | Build | House |
| 6:51 | Create | Villager (Male) |
| 6:51 | Create | Villager (Male) |
| 6:52 | Create | Villager (Male) |
| 7:10 | Build | Farm |
| 7:14 | Create | Villager (Male) |
| 7:30 | Create | Villager (Male) |
| 7:36 | Build | House |
| 7:44 | Create | Villager (Male) |
| 8:18 | Build | House |
| 8:49 | Build | Farm |
| 9:07 | Build | Farm |
| 9:15 | Create | Villager (Male) |
| 9:15 | Create | Villager (Male) |
| 10:08 | Build | House |
| 10:15 | Build | Farm |
| 10:20 | Create | Villager (Male) |
| 10:23 | Create | Villager (Male) |
| 10:58 | Build | Mining Camp |
| 11:01 | Create | Villager (Male) |
| 11:49 | Research | Feudal Age |
| 13:14 | Create | Villager (Male) |
| 13:15 | Create | Villager (Male) |
| 13:15 | Create | Villager (Male) |
| 13:15 | Create | Villager (Male) |
| 13:16 | Create | Villager (Male) |
| 13:16 | Create | Villager (Male) |
| 13:16 | Create | Villager (Male) |
| 13:25 | Build | Palisade Wall |
| 14:09 | Age | Feudal Age |
| 14:21 | Build | Stone Wall |
| 14:46 | Build | Stone Wall |
| 14:56 | Build | Stone Wall |
| 15:19 | Build | Stone Wall |
| 15:33 | Build | Stone Wall |
| 15:42 | Build | Stone Wall |
| 16:10 | Create | Villager (Male) |
| 16:10 | Create | Villager (Male) |
| 16:17 | Build | Farm |
| 16:23 | Build | Stone Wall |
| 16:32 | Build | Stone Wall |
| 17:07 | Build | Watch Tower |
| 17:25 | Create | Villager (Male) |
| 17:25 | Create | Villager (Male) |
| 17:33 | Build | Stone Wall |
| 17:41 | Create | Villager (Male) |
| 17:41 | Create | Villager (Male) |
| 18:03 | Build | Mill |
| 18:13 | Build | Stone Wall |
| 18:18 | Create | Villager (Male) |
| 18:30 | Build | Farm |
| 18:31 | Build | Farm |
| 18:32 | Build | Farm |
| 18:33 | Build | Farm |
| 18:37 | Create | Villager (Male) |
| 19:30 | Create | Villager (Male) |
| 19:36 | Build | Farm |
| 19:37 | Build | Farm |
| 19:46 | Build | Farm |
| 19:52 | Build | Farm |
| 20:05 | Build | Stone Wall |
| 20:15 | Build | Mining Camp |
| 20:40 | Create | Villager (Male) |
| 20:49 | Build | Farm |
| 20:50 | Build | Farm |
| 20:59 | Create | Villager (Male) |
| 20:59 | Create | Villager (Male) |
| 21:01 | Research | Stone Mining |
| 21:16 | Build | Mill |
| 21:26 | Create | Villager (Male) |
| 21:45 | Build | Barracks |
| 21:57 | Build | Blacksmith |
| 22:09 | Create | Villager (Male) |
| 22:36 | Create | Villager (Male) |
| 22:42 | Build | House |
| 22:54 | Create | Villager (Male) |
| 23:05 | Build | Blacksmith |
| 23:14 | Build | House |
| 23:18 | Build | House |
| 23:20 | Build | House |
| 23:57 | Build | Archery Range |
| 24:03 | Create | Villager (Male) |
| 24:53 | Research | Castle Age |
Build order — Juancho Talarga
129 actions detected in the replay
| 0:01 | Create | Villager (Male) |
| 0:01 | Create | Villager (Male) |
| 0:02 | Create | Villager (Male) |
| 0:02 | Create | Villager (Male) |
| 0:03 | Build | House |
| 0:05 | Build | House |
| 1:28 | Create | Villager (Male) |
| 1:29 | Create | Villager (Male) |
| 1:48 | Create | Villager (Male) |
| 1:48 | Create | Villager (Male) |
| 2:26 | Build | Lumber Camp |
| 2:30 | Create | Villager (Male) |
| 3:03 | Create | Villager (Male) |
| 3:04 | Create | Villager (Male) |
| 3:04 | Create | Villager (Male) |
| 3:27 | Create | Villager (Male) |
| 3:51 | Create | Villager (Male) |
| 4:06 | Create | Villager (Male) |
| 4:19 | Create | Villager (Male) |
| 4:48 | Build | House |
| 4:51 | Research | Loom |
| 4:58 | Create | Villager (Male) |
| 5:22 | Create | Villager (Male) |
| 5:26 | Build | Mill |
| 5:56 | Build | Palisade Wall |
| 6:11 | Create | Villager (Male) |
| 6:32 | Create | Villager (Male) |
| 6:56 | Create | Villager (Male) |
| 7:26 | Create | Villager (Male) |
| 7:37 | Research | Feudal Age |
| 8:17 | Build | Barracks |
| 8:30 | Build | Barracks |
| 8:35 | Build | House |
| 8:38 | Build | Palisade Wall |
| 8:58 | Build | Mining Camp |
| 9:25 | Build | House |
| 9:35 | Build | Palisade Wall |
| 9:41 | Build | Palisade Wall |
| 9:47 | Age | Feudal Age |
| 9:51 | Create | Spearman |
| 10:14 | Create | Villager (Male) |
| 10:15 | Create | Villager (Male) |
| 10:32 | Create | Villager (Male) |
| 10:32 | Create | Villager (Male) |
| 10:32 | Create | Villager (Male) |
| 10:38 | Build | Archery Range |
| 10:48 | Build | House |
| 11:28 | Create | Villager (Male) |
| 11:35 | Build | Farm |
| 11:35 | Build | Farm |
| 11:36 | Build | Farm |
| 11:41 | Create | Archer |
| 11:41 | Create | Archer |
| 11:46 | Create | Villager (Male) |
| 12:05 | Build | Farm |
| 12:33 | Build | Blacksmith |
| 12:46 | Build | Stable |
| 12:57 | Build | Farm |
| 13:10 | Create | Archer |
| 13:20 | Create | Villager (Male) |
| 13:20 | Create | Villager (Male) |
| 14:06 | Create | Archer |
| 14:06 | Create | Archer |
| 14:07 | Create | Archer |
| 14:38 | Create | Villager (Male) |
| 14:38 | Create | Villager (Male) |
| 14:38 | Create | Villager (Male) |
| 14:42 | Build | Farm |
| 14:43 | Build | Farm |
| 14:43 | Build | Farm |
| 14:50 | Build | Farm |
| 14:53 | Build | Farm |
| 15:07 | Build | House |
| 15:11 | Build | Palisade Wall |
| 15:14 | Build | House |
| 15:19 | Build | Farm |
| 16:41 | Create | Archer |
| 16:42 | Create | Archer |
| 16:42 | Create | Archer |
| 17:53 | Research | Castle Age |
| 17:58 | Build | House |
| 18:29 | Build | Stone Wall |
| 18:45 | Build | Stone Wall |
| 19:16 | Create | Archer |
| 19:16 | Create | Archer |
| 19:54 | Create | Villager (Male) |
| 19:57 | Research | Double-Bit Axe |
| 19:59 | Research | Horse Collar |
| 20:01 | Research | Gold Mining |
| 20:09 | Create | Archer |
| 20:33 | Age | Castle Age |
| 20:47 | Build | Blacksmith |
| 20:50 | Create | Villager (Male) |
| 20:51 | Create | Villager (Male) |
| 20:53 | Create | Villager (Male) |
| 20:53 | Create | Villager (Male) |
| 21:02 | Build | Town Center |
| 21:13 | Create | Villager (Male) |
| 21:14 | Create | Villager (Male) |
| 21:14 | Create | Villager (Male) |
| 21:31 | Research | Crossbowman (upgrade) |
| 21:50 | Create | Villager (Male) |
| 22:13 | Create | Knight |
| 22:14 | Create | Knight |
| 22:30 | Build | Siege Workshop |
| 22:37 | Build | Stable |
| 22:43 | Build | Siege Workshop |
| 22:45 | Create | Villager (Male) |
| 22:45 | Create | Villager (Male) |
| 22:45 | Create | Villager (Male) |
| 22:46 | Create | Villager (Male) |
| 22:47 | Create | Villager (Male) |
| 22:47 | Create | Villager (Male) |
| 22:48 | Create | Villager (Male) |
| 22:52 | Create | Villager (Male) |
| 23:05 | Create | Villager (Male) |
| 23:07 | Build | Farm |
| 23:34 | Create | Battering Ram |
| 23:40 | Build | House |
| 23:44 | Build | House |
| 23:52 | Build | House |
| 23:54 | Build | House |
| 23:56 | Build | House |
| 24:18 | Build | House |
| 24:24 | Create | Battering Ram |
| 24:27 | Research | Crossbowman (upgrade) |
| 24:29 | Research | Fletching |
| 24:55 | Create | Mangonel |
| 25:03 | Create | Villager (Male) |
Match timeline
| 5:56 | Juancho Talarga · wall_segment Palisade Wall x9 |
| 8:17 | Juancho Talarga · first_building Barracks |
| 8:38 | Juancho Talarga · wall_segment Palisade Wall x4 |
| 9:35 | Juancho Talarga · wall_segment Palisade Wall x1 |
| 9:41 | Juancho Talarga · wall_segment Palisade Wall x1 |
| 9:47 | Juancho Talarga · age_up feudal |
| 10:38 | Juancho Talarga · first_building Archery Range |
| 12:46 | Juancho Talarga · first_building Stable |
| 13:25 | FOXY_KING49 · wall_segment Palisade Wall x13 |
| 14:09 | FOXY_KING49 · age_up feudal |
| 14:21 | FOXY_KING49 · wall_segment Stone Wall x14 |
| 14:46 | FOXY_KING49 · wall_segment Stone Wall x9 |
| 14:56 | FOXY_KING49 · wall_segment Stone Wall x10 |
| 15:11 | Juancho Talarga · wall_segment Palisade Wall x3 |
| 15:19 | FOXY_KING49 · wall_segment Stone Wall x1 |
| 15:33 | FOXY_KING49 · wall_segment Stone Wall x6 |
| 15:42 | FOXY_KING49 · wall_segment Stone Wall x10 |
| 16:23 | FOXY_KING49 · wall_segment Stone Wall x11 |
| 16:32 | FOXY_KING49 · wall_segment Stone Wall x1 |
| 17:33 | FOXY_KING49 · wall_segment Stone Wall x13 |
| 18:13 | FOXY_KING49 · wall_segment Stone Wall x10 |
| 18:29 | Juancho Talarga · wall_segment Stone Wall x7 |
| 18:45 | Juancho Talarga · wall_segment Stone Wall x25 |
| 20:05 | FOXY_KING49 · wall_segment Stone Wall x10 |
| 20:33 | Juancho Talarga · age_up castle |
| 21:45 | FOXY_KING49 · first_building Barracks |
| 22:30 | Juancho Talarga · first_building Siege Workshop |
| 23:57 | FOXY_KING49 · first_building Archery Range |
| 25:07 | FOXY_KING49 · resign |
[ AI ANALYSIS · 1 CREDIT ]
What really happened in this match?
Wolo.gg analyzes every decision: build order, eco, micro, common mistakes by bracket. Personalized analysis on WhatsApp or Discord in 30 seconds.
Civ guide
Turks
Map guide
Arabia
Perfil
FOXY_KING49